 Dungeon Crawl Stone Soup version 0.26-a0-224-g2964c8cf50 (webtiles) character file.

Game seed: 11101154062323325608

7683 Esekla the Thaumaturge (level 11, -31/81 HPs)
             Began as a Formicid Venom Mage on July 6, 2020.
             Annihilated by an enormous slime creature (52 damage)
             ... on level 12 of the Dungeon.
             The game lasted 01:54:14 (12621 turns).

Esekla the Thaumaturge (Formicid Venom Mage)       Turns: 12621, Time: 01:54:14

Health: -31/81     AC: 12    Str: 12    XL:     11   Next: 41%
Magic:  23/23      EV: 16    Int: 19    God:
Gold:   28         SH:  5    Dex: 11    Spells: 17/26 levels left

rFire    . . .     SeeInvis +   a - +0 falchion
rCold    . . .     Faith    .   (no shield)
rNeg     . . .     Spirit   .   z - +3 leather armour
rPois    .         Reflect  +   (helmet unavailable)
rElec    .         Harm     .   f - +0 cloak
rCorr    .                      (no gloves)
MR       +....                  b - +0 pair of boots
Stlth    ++........             v - amulet of reflection
HPRegen  0.23/turn              l - +4 ring of protection
MPRegen  0.18/turn              r - +4 ring of evasion

@: no status effects
A: permanent stasis, dig shafts and tunnels, four strong arms, antennae 3
a: Dig, Shaft Self


You were on level 12 of the Dungeon.
You were not hungry.

You visited 2 branches of the dungeon, and saw 14 of its levels.
You visited 1 bazaar.

You collected 438 gold pieces.
You spent 410 gold pieces at shops.

Inventory:

Hand Weapons
 a - a +0 falchion (weapon)
 e - a +2 dagger of electrocution
 t - a +1 trident of flaming
Missiles
 i - 23 poisoned darts (quivered)
 p - 5 silver boomerangs
 y - 4 javelins
 J - 3 boomerangs
Armour
 b - a +0 pair of boots (worn)
 f - a +0 cloak (worn)
 w - a +0 leather armour of cold resistance
 z - a +3 leather armour (worn)
Jewellery
 d - an uncursed ring of wizardry
 l - a +4 ring of protection (left hand)
 r - a +4 ring of evasion (right hand)
 v - an amulet of reflection (around neck)
 A - an uncursed ring of resist corrosion
Wands
 u - a wand of paralysis (10)
 x - a wand of iceblast (3)
 H - a wand of acid (9)
Scrolls
 h - 3 scrolls of fog
 k - a scroll of remove curse
 q - a scroll of enchant armour
 C - a scroll of vulnerability
 E - a scroll of amnesia {unknown}
 F - a scroll of identify
 G - a scroll of silence {unknown}
 I - 2 scrolls of noise
Potions
 g - 2 potions of stabbing
 j - 2 potions of ambrosia {unknown}
 m - a potion of lignification
 n - 2 potions of curing
 o - 2 potions of brilliance
 B - a potion of flight {unknown}
 D - a potion of heal wounds
Comestibles
 c - 9 rations


   Skills:
 * Level 5.8 Fighting
 * Level 6.5 Long Blades
 + Level 1.1 Throwing
 * Level 4.2 Armour
 + Level 3.4 Dodging
 + Level 2.6 Stealth
 * Level 8.4 Spellcasting
 * Level 4.9 Conjurations
 + Level 1.2 Transmutations
 * Level 3.9 Fire Magic
 * Level 5.5 Air Magic
 + Level 7.2 Poison Magic


You had 17 spell levels left.
You knew the following spells:

 Your Spells              Type           Power        Failure   Level
a - Sting                 Tmut/Pois      ###.         1%          1
c - Mephitic Cloud        Conj/Pois/Air  ####....     3%          3
n - Ignite Poison         Fire/Tmut/Pois ###.....     6%          3
v - Poisonous Vapours     Pois/Air       ####..       1%          2

Your spell library contained the following spells:

 Spells                   Type           Power        Failure   Level
 Olgreb's Toxic Radiance  Pois           #####...     5%          4


Dungeon Overview and Level Annotations

Branches:
Dungeon (13/15)            Temple (1/1) D:6            Lair (0/6) D:9
    Orc: D:9-12      Vaults: D:13-14

Altars:
Ashenzari
Cheibriados
Dithmenos
Elyvilon
Fedhas
Gozag
Hepliaklqana
Kikubaaqudgha
Makhleb
Nemelex Xobeh
Okawaru
Qazlal
Ru
Sif Muna
Trog
Uskayaw
Vehumet
Wu Jian
Xom
Yredelemnul
Zin
The Shining One

Shops:
D:4 (   D:8 *   D:11 =


Innate Abilities, Weirdness & Mutations

You cannot be hasted, slowed, berserked, paralysed or teleported.
You can dig through walls and to a lower floor.
Your four strong arms can wield two-handed weapons with a shield.
You have a pair of large antennae on your head. (SInv)


Message History

The slime creature is engulfed in blazing flames.
Two slime creatures merge to form an enormous slime creature.
The enormous slime creature is engulfed in blazing flames.
Things that are here:
a +0 giant spiked club; a +0 giant club; a two-headed ogre corpse The enormous slime creature closely misses you.
Things that are here:
a +0 dagger; a +0 mace
Things that are here:
a +0 robe; an orc skeleton
Items here: ( ) [ รท a +0 dagger; a +0 leather armour; 3 poisoned darts; an orc skeleton Are you sure you want to shaft yourself?
You feel quite a bit more hungry. The enormous slime creature hits you!!!
Ouch! That really hurt!
* * * LOW HITPOINT WARNING * * *
You begin to dig a shaft.
You continue digging a shaft.
The enormous slime creature hits you!!!
Ouch! That really hurt!
You die...

#.#
##.#########.#...u...)
#.# ##...## #.#.#######
####.###.###.##### #.#.#
#........# #....)# #.#.#
#.##.##..###.###.###.#.#
#.##.##.#...###......u.#
#.##....##.## ##.###)###
#.#####.##.#########.#
#.#####.##..>@Ju..)[)#
#.......##############
#########


You could see a white ugly thing and an enormous slime creature.

Vanquished Creatures
  A two-headed ogre (D:12)
  An ugly thing (D:9)
  A slime creature (D:12)
  A centaur zombie (D:13)
  A kobold demonologist (D:12)
  A troll (D:13)
  Prince Ribbit (D:9)
  3 hippogriffs
  A spriggan (D:7)
  A yak (D:9)
  4 porcupines (D:9)
  A hornet zombie (D:12)
  3 orc warriors
  2 ice beasts
  An eye of draining (D:9)
  2 sky beasts
  4 black bears
  A phantom (D:9)
  A necrophage (D:8)
  4 ogres
  2 centaurs
  A big kobold (D:7)
  5 bullfrogs
  A gnoll sergeant (D:7)
  A wyvern zombie (D:8)
  4 scorpions
  6 killer bees (D:13)
  A howler monkey (D:6)
  Crazy Yiuf (D:5)
  A centaur skeleton (D:6)
  7 hounds
  2 jellies
  5 orc wizards
  3 orc priests
  3 bullfrog skeletons
  4 iguanas
  4 worker ants
  A killer bee zombie (D:8)
  A hound skeleton (D:5)
  2 worker ant zombies
  A howler monkey zombie (D:7)
  7 adders
  4 gnolls (D:7)
  A howler monkey skeleton (D:4)
  3 shadow imps
  5 white imps
  An ooze (D:2)
  An ufetubus (D:6)
  An adder skeleton (D:6)
  A worm (D:2)
  10 leopard geckos
  16 orcs
  4 bats
  4 giant cockroaches
  6 goblins
  7 hobgoblins
  9 jackals
  6 kobolds
  A quokka (D:3)
  4 ball pythons
  6 frilled lizards
  A goblin skeleton (D:11)
  A hobgoblin zombie (D:11)
  A jackal skeleton (D:8)
  An orc skeleton (D:11)
  2 orc zombies (D:11)
  6 rats
200 creatures vanquished.

Vanquished Creatures (others)
  A hornet zombie (D:12)
  5 killer bees (D:12)
  21 fungi (D:9)
27 creatures vanquished.

Grand Total: 227 creatures vanquished

Notes
Turn   | Place    | Note
-------+----------+-------------------------------------------
     0 | D:1      | Esekla the Formicid Venom Mage began the quest for the Orb.
     0 | D:1      | Reached XP level 1. HP: 13/13 MP: 3/3
   281 | D:1      | Reached XP level 2. HP: 20/20 MP: 1/5
   288 | D:1      | Learned a level 2 spell: Poisonous Vapours
   451 | D:1      | Reached skill level 1 in Fighting
   523 | D:2      | Reached XP level 3. HP: 26/26 MP: 2/7
   528 | D:2      | Learned a level 3 spell: Mephitic Cloud
   794 | D:2      | Reached skill level 3 in Spellcasting
   977 | D:1      | Reached XP level 4. HP: 29/32 MP: 4/8
  1135 | D:2      | Found a bloodstained altar of Trog.
  1152 | D:2      | You fall into a shaft and drop 2 floors!
  1351 | D:4      | Noticed a phantom
  1642 | D:3      | Reached skill level 1 in Air Magic
  1662 | D:3      | Learned a level 3 spell: Ignite Poison
  1744 | D:3      | Reached XP level 5. HP: 34/37 MP: 3/10
  2095 | D:4      | Noticed an ogre
  2231 | D:4      | Reached skill level 1 in Conjurations
  2242 | D:4      | Reached skill level 4 in Spellcasting
  2242 | D:4      | Reached XP level 6. HP: 31/44 MP: 6/12
  2436 | D:4      | Noticed a phantom
  2562 | D:5      | Entered Level 5 of the Dungeon
  2885 | D:4      | Found an opulent altar of Gozag.
  2923 | D:4      | Found Jayjur's Antique Weapon Emporium.
  3096 | D:5      | Found a burning altar of Makhleb.
  3216 | D:4      | Killed an ogre
  3738 | D:5      | Found a runed translucent door.
  3739 | D:5      | Noticed Crazy Yiuf
  3759 | D:5      | Killed Crazy Yiuf
  3944 | D:5      | Reached XP level 7. HP: 50/50 MP: 10/13
  4096 | D:5      | Reached skill level 1 in Long Blades
  4171 | D:5      | Noticed a two-headed ogre
  4178 | D:5      | You fall into a shaft and drop 3 floors!
  4725 | D:6      | Reached skill level 5 in Spellcasting
  4875 | D:6      | Found a staircase to the Ecumenical Temple.
  4880 | Temple   | Entered the Ecumenical Temple
  5446 | D:6      | Reached XP level 8. HP: 57/57 MP: 10/15
  5922 | D:7      | Noticed a spriggan baker
  5932 | D:7      | Killed a spriggan baker
  6273 | D:7      | Reached skill level 5 in Poison Magic
  6503 | D:7      | Reached skill level 6 in Spellcasting
  6605 | D:7      | Reached XP level 9. HP: 64/64 MP: 12/18
  6769 | D:7      | Reached skill level 1 in Fire Magic
  6816 | D:7      | Noticed a hippogriff
  6832 | D:7      | Killed a hippogriff
  6832 | D:7      | Reached skill level 1 in Armour
  7999 | D:8      | You fall into a shaft and drop 2 floors!
  7999 | D:10     | Entered Level 10 of the Dungeon
  8018 | D:10     | You fall into a shaft and drop 1 floor!
  8098 | D:11     | Found Hufut's Jewellery Boutique.
  8223 | D:11     | Noticed a hippogriff
  8244 | D:11     | Killed a hippogriff
  8326 | D:11     | Reached XP level 10. HP: 67/72 MP: 11/20
  8348 | D:11     | Reached skill level 7 in Spellcasting
  9142 | D:7      | Reached skill level 5 in Air Magic
  9410 | D:8      | Reached skill level 5 in Long Blades
  9495 | D:8      | Found Diacwauh's Assorted Antiques.
  9507 | D:8      | Bought a scroll labeled ESIROIG ESASI for 23 gold pieces
  9507 | D:8      | Bought a scroll labeled ESIROIG ESASI for 23 gold pieces
  9507 | D:8      | Bought a bubbling silvery potion for 20 gold pieces
  9507 | D:8      | Bought a fuming blue potion for 20 gold pieces
 10105 | D:9      | Found a staircase to the Lair.
 10158 | D:9      | Noticed Prince Ribbit
 10178 | D:9      | Killed Prince Ribbit
 10262 | D:9      | Found a basalt altar of Yredelemnul.
 10266 | D:9      | Found a shattered altar of Ashenzari.
 10271 | D:9      | Found a snail-covered altar of Cheibriados.
 10536 | D:9      | Reached skill level 5 in Fighting
 10900 | D:9      | Noticed a white ugly thing
 10915 | D:9      | Killed a purple ugly thing
 10915 | D:9      | Reached skill level 8 in Spellcasting
 11173 | D:10     | You fall into a shaft and drop 2 floors!
 11240 | D:13     | Noticed a vault guard
 11240 | D:13     | Noticed a deep elf archer
 11295 | D:13     | Reached XP level 11. HP: 75/80 MP: 14/23
 11381 | D:13     | Found a flickering gateway to a bazaar.
 11387 | Bazaar   | Entered a bazaar
 11505 | Bazaar   | Found Ximetes's Assorted Antiques.
 11509 | Bazaar   | Found Keefiusew's Armour Boutique.
 11509 | Bazaar   | Found Cofeu's Food Boutique.
 11509 | Bazaar   | Found Onawuupu's General Store.
 11550 | Bazaar   | Bought a glowing leather armour for 135 gold pieces
 11550 | Bazaar   | Bought an amethyst potion for 24 gold pieces
 11550 | Bazaar   | Bought a scroll labeled GOH ZESOBIFF for 27 gold pieces
 11550 | Bazaar   | Bought a scroll of identify for 54 gold pieces
 11556 | Bazaar   | Bought a potion of heal wounds for 60 gold pieces
 11588 | Bazaar   | Bought a scroll of fog for 24 gold pieces
 12153 | D:12     | Noticed a two-headed ogre
 12341 | D:12     | Reached skill level 1 in Throwing
 12406 | D:12     | Killed a two-headed ogre
 12573 | D:12     | Noticed a white ugly thing
 12621 | D:12     | Annihilated by an enormous slime creature

Illustrated notes

Levels and vault maps discovered:
D:1:      lightli_arrival_maybe_door_vault, layout_basic
D:2:      layout_loops_ring, bloody_trog, first_ration
D:3:      layout_rooms, minmay_misc_feat_cross
D:4:      layout_loops_corners, nicolae_gozag_seed_capital, serial_shops,
          kennysheep_mini, st_stairs_10, mrwooster_statue_mirror,
          roderic_roman_lattice
D:5:      layout_loops_cross, nicolae_overflow_crystal_walls,
          uniq_crazy_yiuf_cottage
D:6:      layout_layer_cave, temple_doors_ab, minmay_misc_feat_square
D:7:      minmay_bubble_buster, layout_basic, the_bakery, serial_bayou_ford_a
D:8:      layout_basic, serial_shops, nicolae_shop_overgrown_old_shop,
          grunt_decor_arrowhead
D:9:      layout_roguey, grunt_temple_overflow_diamond,
          due_lair_maze_entry_diamond, uniq_prince_ribbit1
D:10:     layout_basic
D:11:     layout_basic, zombieorc2_lemuel, serial_shops, nicolae_shop_stone,
          special_room [special_room_orc]
D:12:     layout_loops_ring, lemuel_flamethrower_3
D:13:     layout_irregular_city, grunt_vaults_entry_fortified, serial_shops,
          bzr_entry_road
Temple:   compressed_dpeg_circular_temple

Skill      XL: |  1  2  3  4  5  6  7  8  9 10 11 |
---------------+----------------------------------+-----
Fighting       | 1 2 3 4 5 |  5.8
Dodging        | 2 3 |  3.4
Spellcasting   | 3 4 5 6 8 |  8.4
Air Magic      | 1 2 3 4 5 |  5.5
Conjurations   | 1 2 3 4 |  4.9
Long Blades    | 1 3 4 5 6 |  6.5
Poison Magic   | 5 6 7 |  7.2
Fire Magic     | 2 3 |  3.9
Armour         | 2 3 4 |  4.2
Throwing       | 1 |  1.1
Stealth        | |  2.6
Transmutations | |  1.2

Action                   |  1- 3 |  4- 6 |  7- 9 | 10-12 || total
-------------------------+-------+-------+-------+-------++-------
Melee: Short sword       |    45 |     4 |     1 |     2 ||    52
       Falchion          |       |    59 |   205 |   282 ||   546
Throw: Boomerang         |       |       |    10 |     8 ||    18
       Dart              |       |       |     6 |    13 ||    19
 Cast: Sting             |     6 |       |       |       ||     6
       Poisonous Vapours |    20 |    50 |    93 |    93 ||   256
       Mephitic Cloud    |       |     3 |     5 |    13 ||    21
       Ignite Poison     |       |       |     3 |     8 ||    11
 Abil: Shaft Self        |       |       |     2 |     2 ||     4
  Use: Scroll            |       |     7 |     5 |     4 ||    16
       Potion            |       |       |       |     1 ||     1
 Stab: Sleeping          |     3 |       |     1 |     2 ||     6
       Confused          |       |       |     4 |     1 ||     5
  Eat: Ration            |       |     3 |     4 |     5 ||    12
Armor: Robe              |    20 |    18 |    42 |    12 ||    92
       Leather armour    |       |       |       |    59 ||    59
Dodge: Dodged            |    51 |    53 |   188 |   214 ||   506
Block: Other             |       |       |    33 |    53 ||    86
       Reflection        |       |       |     1 |       ||     1
       Rpst.: Falchion   |       |    18 |    54 |    55 ||   127

Table legend:
 A = Non-vault XP
 B = Vault XP
 C = Vault XP percentage of total XP
 D = Non-vault monster count
 E = Vault monster count
 F = Vault count percentage of total count
                 A         B        C        D         E       F
            +---------+---------+-------+---------+---------+-------
      Total |    8377 |    2599 |  23.7 |     172 |      28 |  14.0
            +---------+---------+-------+---------+---------+-------
        D:1 |      34 |       0 |   0.0 |      20 |       0 |   0.0
        D:2 |      49 |       0 |   0.0 |      18 |       0 |   0.0
        D:3 |     115 |       0 |   0.0 |      18 |       0 |   0.0
        D:4 |     222 |       0 |   0.0 |       8 |       0 |   0.0
        D:5 |     115 |      44 |  27.7 |       8 |       1 |  11.1
        D:6 |     675 |       0 |   0.0 |      20 |       0 |   0.0
        D:7 |     822 |    1049 |  56.1 |      22 |      12 |  35.3
        D:8 |     978 |       0 |   0.0 |      14 |       0 |   0.0
        D:9 |    1419 |    1501 |  51.4 |      15 |      10 |  40.0
       D:10 |      40 |       0 |   0.0 |       1 |       0 |   0.0
       D:11 |     468 |       5 |   1.1 |       5 |       5 |  50.0
       D:12 |    2038 |       0 |   0.0 |       9 |       0 |   0.0
       D:13 |    1402 |       0 |   0.0 |      14 |       0 |   0.0
            +---------+---------+-------+---------+---------+-------
